Map: Void Training Stage 3

Players

TiPtOP

  • Race: Terran Terran
  • League: Silver
  • Spawn Location: 6:00

Player 2 - Winner!

  • Race: Zerg Zerg
  • Spawn Location: 12:00

VOD

Have the link to the VOD?

Description

Time

  • Played on: May 7, 2019, 6:12 a.m.
  • Length: 3:42
Show
View Real Time Build Order
Export as new Build Order

TiPtOP Terran 

Build Orders: Gas First Reaper Expand 

Get SALT Encoding   

  12  0:01  SCV  
  13  0:13  SCV  
  14  0:19  Supply Depot  
  14  0:25  SCV  
  15  0:31  Refinery  
  15  0:41  SCV  
  16  0:48  Barracks  
  16  0:53  SCV  
  18  1:28  SCV  
  18  1:42  Reaper  
  18  1:43  Orbital Command  
  19  1:58  Command Center  
  19  2:11  SCV  
  19  2:26  SCV  
  20  2:30  Marine  
  21  2:40  SCV  
  21  2:43  Barracks  
  22  2:45  Supply Depot  
  22  2:52  Marine  
  23  3:07  SCV  
  24  3:13  Barracks Reactor  
  24  3:19  SCV  
  25  3:20  SCV  
  27  3:35  Factory  
Show
View Real Time Build Order
Export as new Build Order

Player 2 Zerg - Winner!

Build Orders: 1 Base Baneling Bust, Pool Only 

Get SALT Encoding   

  12  0:00  Drone  
  13  0:13  Overlord  
  13  0:18  Drone  
  14  0:31  Drone  
  14  0:34  Drone  
  16  0:43  Spawning Pool  
  16  0:46  Drone  
  16  0:50  Drone  
  16  0:53  Extractor  
  16  0:56  Drone  
  17  1:06  Overlord  
  17  1:31  Zergling x2  
  17  1:32  Queen  
  20  1:39  Drone  
  21  1:40  Roach Warren  
  21  1:41  Extractor  
  19  1:48  Zergling x2  
  19  1:49  Drone  
  21  2:00  Drone  
  22  2:10  Overlord  
  22  2:22  Roach  
  24  2:38  Overlord, Roach  
  24  2:42  Drone  
  27  2:47  Drone  
  28  2:51  Drone  
  28  2:55  Ravager, Roach  
  32  3:06  Drone  
  32  3:10  Drone  
  32  3:12  Roach  
  36  3:13  Drone  
  36  3:17  Overlord  
  37  3:26  Baneling Nest  
  36  3:28  Ravager  
  39  3:39  Evolution Chamber  
Tags
 
Add a new tag
Caveats
  • Supply blocks, unpowered buildings, or Contaminate may cause inaccurate times.
  • Supply counts are checked every 10 seconds.